 Dungeon Crawl Stone Soup version 0.31-a0-986-g5e6e4ef867 (webtiles) character file.

Game seed: 13292198743243981927

54 backslashecho the Poker (level 3, -1/25 HPs)
             Began as a Merfolk Gladiator on Nov 11, 2023.
             Was a Follower of Hepliaklqana.
             Slain by a rat (3 damage)
             ... on level 2 of the Dungeon.
             The game lasted 00:02:33 (1189 turns).

backslashecho the Poker (Merfolk Gladiator)         Turns: 1189, Time: 00:02:34

Health: -1/25      AC:  4    Str: 14    XL:     3   Next: 91%
Magic:  3/3        EV: 13    Int:  7    God:    Hepliaklqana [*.....]
Gold:   58         SH:  0    Dex: 17    Spells: 2/2 levels left

rFire   . . .        a - +0 trident
rCold   . . .        (no shield)
rNeg    . . .        b - +0 leather armour
rPois   .            c - +0 helmet
rElec   .            (no cloak)
rCorr   .            (no gloves)
SInv    .            (no boots)
Will    .....        (no amulet)
Stlth   +            (no ring)
HPRegen 0.24/turn    (no ring)
MPRegen 0.08/turn

%: no passive effects
@: no status effects
A: reduced essence, (nimble swimmer 2), mertail
a: Renounce Religion, Recall Ancestor, Ancestor Identity


You were on level 2 of the Dungeon.
You worshipped Hepliaklqana.
Hepliaklqana was aware of your devotion.
You visited 1 branch of the dungeon, and saw 2 of its levels.

You collected 58 gold pieces.

Inventory:

Hand Weapons
 a - a +0 trident (weapon)
Missiles
 d - 3 throwing nets (quivered)
 e - a javelin
Armour
 b - a +0 leather armour (worn)
 c - a +0 helmet (worn)
Scrolls
 g - 2 scrolls of teleportation {unknown}
 j - 2 scrolls of identify {unknown}
Potions
 f - 2 potions of mutation {unknown}
 h - a potion of magic {unknown}
 i - 2 potions of ambrosia {unknown}


   Skills:
 + Level 2.8 Fighting
 * Level 4.9 Polearms
 - Level 2.1 Throwing
 + Level 4.5 Dodging
 - Level 1.0 Unarmed Combat
 + Level 0.3 Invocations


You had 2 spell levels left.
You didn't know any spells.
Your spell library contained the following spells:

 Spells                   Type           Power      Damage    Failure   Level
 Call Canine Familiar     Summ           0%         N/A       87%         3
 Sigil of Binding         Hex            0%         N/A       87%         3
 Dimensional Bullseye     Hex/Tloc       0%         N/A       99%         4
 Leda's Liquefaction      Hex/Erth       0%         N/A       99%         4


Dungeon Overview and Level Annotations

Branches:
Dungeon (2/15)

Altars:
Hepliaklqana


Innate Abilities, Weirdness & Mutations

Your life essence is reduced to manifest your ancestor. (-10% HP)
((You are very nimble when in or above water. (Stealth+, EV+, Speed+++)))
Your lower body shifts to a powerful aquatic tail in water.


Message History

A worm comes into view.
A worm is nearby!
A worm is nearby!
A worm is nearby!
You see here 11 gold pieces.
A worm is nearby!
A rat comes into view.
You reach to attack!
You hit the worm but do no damage.
The rat enters a dispersal trap!
The worm blinks!
Nozipho blinks!
The worm blinks!
You blink.
You reach to attack!
You hit the worm.
The worm is lightly wounded.
You barely miss the worm. You hit the worm. Your punch misses the worm.
The worm is lightly wounded.
The worm bites you.
You take 1 damage, and have 24/25 hp.
You hit the worm.
The worm is lightly wounded.
The worm misses you.
Health restored: 25 You hit the worm.
The worm is lightly wounded.
You puncture the worm!
The worm is heavily wounded.
The worm closely misses you.
You hit the worm.
The worm is heavily wounded.
You hit the worm.
The worm is severely wounded.
The worm bites you!
You take 10 damage, and have 15/25 hp.
MASSIVE DAMAGE!!
You hit the worm.
The worm is almost dead.
The worm bites you.
You take 6 damage, and have 9/25 hp.
MASSIVE DAMAGE!!
You hit the worm.
The worm is almost dead.
You are too injured to fight recklessly!
You hit the worm.
The worm is almost dead.
The worm bites you!
* * * LOW HITPOINT WARNING * * *
You take 8 damage, and have 1/25 hp.
MASSIVE DAMAGE!!
Unknown command.
You swap places.
Nozipho hits the worm.
The worm dies!
You barely miss the rat. The rat bites you.
You die...

######
#.R@r########
##†##......^..
##.#.##########
##.###.# #.##
#.. ##R## .###
##########..#.#
#.......†....#
##.#.#####...##


You could see the friendly Nozipho the ancestor and a rat.

Vanquished Creatures
  2 adders (D:2)
  2 dart slugs
  A goblin (D:2)
  4 hobgoblins
  3 quokkas
  3 bats
  4 frilled lizards
  4 kobolds
  5 rats (D:1)
28 creatures vanquished.

Vanquished Creatures (collateral kills)
  A worm (D:2)
  A ball python (D:2)
2 creatures vanquished.

Grand Total: 30 creatures vanquished

Notes
Turn   | Place    | Note
-------+----------+-------------------------------------------
     0 | D:1      | backslashecho the Merfolk Gladiator began the quest for the
                  | Orb.
     0 | D:1      | Reached XP level 1. HP: 16/16 MP: 1/1
    92 | D:1      | Reached XP level 2. HP: 23/23 MP: 2/2
   505 | D:1      | Found a faded altar of an unknown god.
   735 | D:1      | Prayed at the altar of an unknown god.
   735 | D:1      | Became a worshipper of Hepliaklqana the Forgotten
   735 | D:1      | Reached * piety under Hepliaklqana
   959 | D:2      | Reached XP level 3. HP: 25/25 MP: 3/3
  1139 | D:2      | Reached skill level 1 in Unarmed Combat
  1187 | D:2      | HP: 1/25 [worm (8)]
  1189 | D:2      | Slain by a rat

Illustrated notes

Levels and vault maps discovered:
D:1:      dpeg_arrival_three_smaller_balls, layout_basic, basic_ecumenical_altar
D:2:      layout_loops_ring

Skill      XL: |  1  2  3 |
---------------+----------+-----
Unarmed Combat | 1 |  1.0
Fighting       | |  2.8
Polearms       | |  4.9
Throwing       | |  2.1
Dodging        | |  4.5
Invocations    | |  0.3

Action                     || total
---------------------------++-------
  Melee: Trident           ||   125
         Punch             ||     1
   Stab: Sleeping          ||     3
         Distracted        ||     1
 Armour: Leather armour    ||    47
  Dodge: Dodged            ||    62

Table legend: (Time is in decaauts)
 A = Elapsed time spent in this place.
 B = Non-inter-level travel time spent in this place.
 C = Inter-level travel time spent in this place.
 D = Time resting spent in this place.
 E = Time spent auto-exploring this place.
 F = Levels seen in this place.
 G = Mean time per level.
                   A        B        C        D        E       F      G
               +--------+--------+--------+--------+--------+-----+--------+
         Total |   1198 |   1045 |    153 |      0 |    804 |   2 |  599.0 |
       Dungeon |   1198 |   1045 |    153 |      0 |    804 |   2 |  599.0 |
               +--------+--------+--------+--------+--------+-----+--------+

Top non-repeatable levels by time:
     D:1: 819 daAuts
     D:2: 378 daAuts
